[Event "ICC tourney 2064 (45 10)"]
[Site "Internet Chess Club"]
[Date "2020.10.17"]
[Round "2"]
[White "boxingguy2469x"]
[Black "aryasaravanan"]
[Result "1/2-1/2"]
[ICCResult "Game drawn because neither player has mating material"]
[WhiteElo "1145"]
[BlackElo "1215"]
[Opening "Sicilian: Najdorf"]
[ECO "B90"]
[NIC "SI.14"]
[Time "13:32:04"]
[TimeControl "2700+10"]

1. e4 c5 2. Nf3 d6 3. d4 cxd4 4. Nxd4 Nf6 5. Nc3 a6 6. Bd3 Nbd7 7. O-O g6 8.
Bg5 Bg7 9. Re1 O-O 10. Qd2 b5 11. Nc6 Qe8 12. e5 dxe5 13. Nxe5 Nxe5 14. Rxe5
Bb7 15. Rae1 b4 16. Nd1 Nd5 17. Bxe7 Bxe5 18. Bxf8 Bxh2+ 19. Kxh2 Qxf8 20.
Be4 Rd8 21. Ne3 Nxe3 22. Qxe3 Re8 23. Qf3 Re5 24. Re3 Bxe4 25. Rxe4 Qh6+ 26.
Kg3 Rf5 27. Qe3 Rg5+ 28. Rg4 Rxg4+ 29. Kxg4 Qxe3 30. fxe3 Kg7 31. c4 bxc3
32. bxc3 Kf6 33. Kf4 h6 34. c4 Ke6 35. Ke4 f6 36. g4 Kd6 37. Kd4 f5 38. gxf5
gxf5 39. c5+ Kc6 40. Ke5 Kxc5 41. Kxf5 h5 42. Kg5 Kd5 43. Kf4 h4 44. e4+ Ke6
45. Kg4 Ke5 46. Kxh4 Kxe4 47. Kg5 Kd4 48. Kf5 Kc4 49. Ke5 Kb4 50. Kd5 a5 51.
Kd4 Ka3 52. Kc4 a4 53. Kb5 Kxa2 54. Kxa4
{Game drawn because neither player has mating material}
1/2-1/2

[Event "ICC tourney 2064 (45 10)"]
[Site "Internet Chess Club"]
[Date "2020.10.17"]
[Round "2"]
[White "notarnav"]
[Black "pkcl"]
[Result "0-1"]
[ICCResult "White checkmated"]
[WhiteElo "1112"]
[BlackElo "1292"]
[Opening "Ruy Lopez: Caro variation"]
[ECO "C70"]
[NIC "RL.09"]
[Time "13:32:08"]
[TimeControl "2700+10"]

1. e4 e5 2. Nf3 Nc6 3. Bb5 a6 4. Ba4 b5 5. Bb3 Be7 6. d4 exd4 7. Nxd4 Bb7 8.
Nc3 Bf6 9. Be3 Nge7 10. O-O O-O 11. f4 Bxd4 12. Bxd4 Nxd4 13. Qxd4 Nc6 14.
Qd3 Nb4 15. Qg3 Qe7 16. a3 Nc6 17. Nd5 Qc5+ 18. Kh1 Kh8 19. Nxc7 Rac8 20.
Nd5 Nd4 21. Nc3 Nxb3 22. cxb3 b4 23. Na4 Qe7 24. e5 bxa3 25. bxa3 Rc2 26.
Rf2 Rfc8 27. b4 Rc1+ 28. Rxc1 Rxc1+ 29. Rf1 Rxf1# {White checkmated} 0-1

[Event "ICC tourney 2064 (45 10)"]
[Site "Internet Chess Club"]
[Date "2020.10.17"]
[Round "2"]
[White "bsarvagnya"]
[Black "proabhi19"]
[Result "1-0"]
[ICCResult "Black checkmated"]
[WhiteElo "1119"]
[BlackElo "1068"]
[Opening "Giuoco Pianissimo: Italian four knights variation"]
[ECO "C50"]
[NIC "IG.02"]
[Time "13:32:17"]
[TimeControl "2700+10"]

1. e4 e5 2. Nf3 Nc6 3. Bc4 Bc5 4. Nc3 Nf6 5. d3 h6 6. Be3 Bb6 7. Bxb6 axb6
8. Qd2 d6 9. h3 Na5 10. Bb3 Nxb3 11. cxb3 Be6 12. O-O Qd7 13. d4 exd4 14.
Nxd4 O-O 15. Nxe6 fxe6 16. Rad1 Ra5 17. b4 Raa8 18. e5 Ne8 19. a3 d5 20. Ne4
Rd8 21. Rfe1 Rf7 22. Ng3 c6 23. Qe3 Nc7 24. Qxb6 Nb5 25. a4 Qc7 26. Qc5 b6
27. Qe3 Na7 28. Rd2 Rfd7 29. Ne2 c5 30. bxc5 bxc5 31. Nf4 d4 32. Qe4 Qb6 33.
Qg6 Re7 34. Nh5 Kh8 35. Rdd1 Qxb2 36. Nf6 gxf6 37. Qxf6+ Kg8 38. Qxe7 Qb6
39. Rb1 Nc6 40. Qxe6+ Kg7 41. Rxb6 Nb4 42. Qe7+ Kh8 43. Qxd8+ Kg7 44. Qe7+
Kg8 45. Rb8# {Black checkmated} 1-0

[Event "ICC tourney 2064 (45 10)"]
[Site "Internet Chess Club"]
[Date "2020.10.17"]
[Round "2"]
[White "arjunsaravanan"]
[Black "aiden004"]
[Result "0-1"]
[ICCResult "White checkmated"]
[WhiteElo "1104"]
[BlackElo "1154"]
[Opening "Réti: King's Indian attack (Barcza system)"]
[ECO "A07"]
[NIC "QP.09"]
[Time "13:32:03"]
[TimeControl "2700+10"]

1. Nf3 d5 2. g3 c6 3. Bg2 Nf6 4. O-O Bf5 5. d3 e6 6. Nbd2 Bc5 7. Nh4 Bg6 8.
Nxg6 hxg6 9. Nf3 Nbd7 10. Bf4 Nh5 11. Bd2 Nhf6 12. h3 Qc7 13. Bf4 e5 14.
Nxe5 Nxe5 15. d4 Bd6 16. dxe5 Bxe5 17. Bxe5 Qxe5 18. Qd3 O-O 19. c3 Ne4 20.
f4 Qe7 21. Bxe4 dxe4 22. Qc2 Rad8 23. Rad1 g5 24. e3 gxf4 25. Rxd8 Rxd8 26.
Rxf4 Qg5 27. Kf2 Re8 28. Qb3 Qe7 29. Qa4 a6 30. Qd4 Qe5 31. Qc4 Qd5 32. Qxd5
cxd5 33. Rf5 Rd8 34. Ke2 f6 35. Kd2 Kf7 36. Kc2 Kg6 37. Rf4 Rh8 38. h4 Rh5
39. Rf2 Rf5 40. Rg2 Rf3 41. Kd2 Kh5 42. Ke2 Kg4 43. Rh2 Kxg3 44. Rh1 Rf2+
45. Ke1 Rxb2 46. Rf1 Rb1+ 47. Ke2 Rxf1 48. Kxf1 Kxh4 49. Ke2 g5 50. Kd2 g4
51. Ke2 g3 52. Kf1 Kg4 53. Kg2 b5 54. a3 a5 55. Kg1 Kf3 56. Kf1 Kxe3 57. Kg2
Kd3 58. Kxg3 Kxc3 59. Kf4 Kb3 60. Ke3 f5 61. Kd4 f4 62. Kxd5 e3 63. Ke4 e2
64. Kxf4 e1=Q 65. Kf3 Kxa3 66. Kg2 b4 67. Kh2 b3 68. Kh3 Qg1 69. Kh4 b2 70.
Kh5 b1=Q 71. Kh6 Qbg6# {White checkmated} 0-1

[Event "ICC tourney 2064 (45 10)"]
[Site "Internet Chess Club"]
[Date "2020.10.17"]
[Round "3"]
[White "Samhitha2007"]
[Black "oxdidi"]
[Result "0-1"]
[ICCResult "White resigns"]
[WhiteElo "166"]
[BlackElo "1086"]
[Opening "Giuoco Piano"]
[ECO "C50"]
[NIC "IG.02"]
[Time "16:03:10"]
[TimeControl "2700+10"]

1. e4 e5 2. Nf3 Nc6 3. Bc4 Bc5 4. Ng5 Qxg5 5. Qf3 Qg6 6. Nc3 Nd4 7. Qd3 Nf6
8. Nb5 Nxb5 9. Bxb5 Qxg2 10. Qf1 Bxf2+ 11. Ke2 Qxf1+ 12. Rxf1 Bb6 13. Rg1
Bxg1 14. d3 a5 15. Bg5 c6 16. Rxg1 cxb5 {White resigns} 0-1

[Event "ICC tourney 2064 (45 10)"]
[Site "Internet Chess Club"]
[Date "2020.10.17"]
[Round "3"]
[White "Knighthhhh"]
[Black "dangdang2000"]
[Result "0-1"]
[ICCResult "White checkmated"]
[WhiteElo "1099"]
[BlackElo "1206"]
[Opening "QGD: 6.Nf3"]
[ECO "D55"]
[NIC "QO.13"]
[Time "16:02:31"]
[TimeControl "2700+10"]

1. d4 d5 2. c4 e6 3. Nc3 Nf6 4. Bg5 Be7 5. e3 O-O 6. Nf3 b6 7. Bd3 Bb7 8.
O-O Nbd7 9. Qc2 c5 10. cxd5 exd5 11. b3 h6 12. Bh4 Re8 13. Bg3 Rc8 14. Qd2
Ne4 15. Bxe4 dxe4 16. Ne1 cxd4 17. Qxd4 Bf6 18. Qa4 Bxc3 19. Rd1 Nc5 20.
Rxd8 Nxa4 21. Rxe8+ Rxe8 22. bxa4 Ba6 23. Nd3 exd3 24. Rc1 d2 25. Rd1 Be2
26. Rf1 Bxf1 27. h3 d1=Q 28. Kh1 Qd5 29. f3 Qd2 30. Bf2 Qxf2 31. Kh2 Qxg2#
{White checkmated}
0-1

[Event "ICC tourney 2064 (45 10)"]
[Site "Internet Chess Club"]
[Date "2020.10.17"]
[Round "3"]
[White "McTaggartfan"]
[Black "PirateKing"]
[Result "1-0"]
[ICCResult "Black checkmated"]
[WhiteElo "1300"]
[BlackElo "799"]
[Opening "King's pawn opening"]
[ECO "B07"]
[NIC "VO.17"]
[Time "16:02:51"]
[TimeControl "2700+10"]

1. e4 d6 2. f4 e5 3. Nf3 Nf6 4. Nc3 h6 5. fxe5 dxe5 6. Nxe5 Bd6 7. Nf3 Be6
8. e5 Bg4 9. exd6 Qxd6 10. Qe2+ Be6 11. Ne4 Qe7 12. Nxf6+ Qxf6 13. d4 O-O
14. Be3 Re8 15. Qf2 Bf5 16. O-O-O Qc6 17. Ne5 Qf6 18. Bc4 Rf8 19. Rhf1 Nc6
20. Qxf5 Qxf5 21. Rxf5 Kh8 22. Nxf7+ Kg8 23. Nxh6+ Kh7 24. Nf7 Rae8 25. Ng5+
Kg6 26. Rxf8 Rxe3 27. Nf3 Nb4 28. a3 Nc6 29. h4 a6 30. Bd3+ Kh6 31. g4 Rxf3
32. Rxf3 b5 33. c3 g6 34. Be4 Ne7 35. h5 gxh5 36. gxh5 Kxh5 37. Rg3 c6 38.
Rh1# {Black checkmated} 1-0

[Event "ICC tourney 2064 (45 10)"]
[Site "Internet Chess Club"]
[Date "2020.10.17"]
[Round "3"]
[White "EricCheng-131"]
[Black "arjunsaravanan"]
[Result "1-0"]
[ICCResult "Black checkmated"]
[WhiteElo "943"]
[BlackElo "1055"]
[Opening "Scandinavian (center counter) defense"]
[ECO "B01"]
[NIC "SD.01"]
[Time "16:02:31"]
[TimeControl "2700+10"]

1. e4 d5 2. exd5 Qxd5 3. Nc3 Qa5 4. Nf3 Nf6 5. d4 c6 6. Bf4 e6 7. Be2 Nbd7
8. O-O Be7 9. Re1 O-O 10. Qd3 Rd8 11. Ne5 Nxe5 12. Bxe5 c5 13. Bf3 cxd4 14.
Bxd4 Bc5 15. Nb5 a6 16. Qe3 Bxd4 17. Nxd4 Qb6 18. Nb3 Qxe3 19. Rxe3 Nd5 20.
Rd1 g6 21. c4 Nxe3 22. Rxd8+ Kg7 23. fxe3 Kf6 24. Na5 Ke7 25. Rh8 h5 26.
Nxb7 Bxb7 27. Rxa8 Bxa8 28. Bxa8 Kd6 29. b4 a5 30. a3 axb4 31. axb4 Kc7 32.
c5 Kb8 33. Bf3 Kc7 34. b5 Kb8 35. b6 Kc8 36. c6 Kb8 37. c7+ Kc8 38. Kf2 Kd7
39. Ke2 g5 40. h3 h4 41. Kd3 g4 42. hxg4 f5 43. g5 h3 44. g6 h2 45. g3 h1=Q
46. Bxh1 f4 47. g7 fxg3 48. g8=Q g2 49. Qd8+ Kc6 50. Bxg2+ Kb5 51. c8=Q e5
52. Qc6+ Ka5 53. b7+ Kb4 54. b8=Q+ Ka3 55. Qa6# {Black checkmated} 1-0

[Event "ICC tourney 2064 (45 10)"]
[Site "Internet Chess Club"]
[Date "2020.10.17"]
[Round "3"]
[White "DaveGriffin"]
[Black "notarnav"]
[Result "0-1"]
[ICCResult "White resigns"]
[WhiteElo "796"]
[BlackElo "1169"]
[Opening "Petrov: Italian variation"]
[ECO "C42"]
[NIC "RG.01"]
[Time "16:02:38"]
[TimeControl "2700+10"]

1. e4 e5 2. Nf3 Nf6 3. Bc4 Bc5 4. d3 d6 5. O-O Nc6 6. h3 h6 7. Be3 Bb6 8.
Nc3 O-O 9. Nh4 Nxe4 10. Qh5 Nf6 11. Qg6 d5 12. Qg3 Bxe3 13. fxe3 dxc4 14.
Ne4 Nxe4 15. dxe4 Qg5 16. Qxg5 hxg5 17. Nf3 g4 18. hxg4 Bxg4 19. Nh2 Be6 20.
g3 f6 21. Rad1 Rad8 22. Rxd8 Rxd8 23. Rf2 Bh3 24. Nf3 Bg4 25. Nh4 Ne7 26. c3
Kf7 27. a3 Ng6 28. Nf5 Bxf5 29. exf5 Ne7 30. e4 Rd1+ 31. Kg2 Ng8 32. Re2 Nh6
33. Kf3 Rd3+ 34. Re3 Rxe3+ 35. Kxe3 Ke7 36. Kd2 Kd6 37. b4 c5 38. a4 Ng4 39.
b5 a6 40. bxa6 bxa6 41. Ke2 Kc6 42. Kf3 Nh6 43. g4 Kb6 44. Kg3 Ka5 45. Kh4
Ng8 46. g5 fxg5+ 47. Kxg5 Nf6 48. Kg6 Nxe4 49. Kxg7 Kxa4 50. Kf7 Kb3 51. Ke6
Kxc3 52. Kxe5 Kd3 53. Kd5 c3 {White resigns} 0-1

[Event "ICC tourney 2064 (45 10)"]
[Site "Internet Chess Club"]
[Date "2020.10.17"]
[Round "3"]
[White "proabhi19"]
[Black "Maximusiv"]
[Result "1-0"]
[ICCResult "Black resigns"]
[WhiteElo "1230"]
[BlackElo "1007"]
[Opening "Scandinavian defense"]
[ECO "B01"]
[NIC "SD.03"]
[Time "16:02:34"]
[TimeControl "2700+10"]

1. e4 d5 2. exd5 Nf6 3. d4 Qxd5 4. Nc3 Qd6 5. Nf3 Bg4 6. Be2 Nc6 7. Be3
O-O-O 8. Qd2 e5 9. dxe5 Nxe5 10. Nxe5 Qxe5 11. Bxg4+ Nxg4 12. Qe2 Nxh2 13.
g3 Bc5 14. Rxh2 Bxe3 15. Qxe3 Qa5 16. Kf1 Rhe8 17. Qf4 Qa6+ 18. Kg2 Qc6+ 19.
Qf3 Qg6 20. Rh4 Qxc2 21. Rb4 c6 22. Qxf7 Qxf2+ 23. Kxf2 Rf8 24. Rxb7 Rxf7+
25. Rxf7 Rd2+ 26. Kg1 Rxb2 27. Rxg7 Rc2 28. Rf1 {Black resigns} 1-0

[Event "ICC tourney 2064 (45 10)"]
[Site "Internet Chess Club"]
[Date "2020.10.17"]
[Round "3"]
[White "nguyencaptures"]
[Black "boxingguy2469x"]
[Result "0-1"]
[ICCResult "White checkmated"]
[WhiteElo "1139"]
[BlackElo "1160"]
[Opening "King's pawn game"]
[ECO "C50"]
[NIC "IG.03"]
[Time "16:03:04"]
[TimeControl "2700+10"]

1. e4 e5 2. Nf3 Nc6 3. Bc4 Nd4 4. Nxd4 exd4 5. O-O Bc5 6. Qh5 Qf6 7. Qxc5 c6
8. d3 d6 9. Qa5 b6 10. Qe1 Qg6 11. e5 d5 12. Bb3 Bh3 13. g3 Bxf1 14. Qxf1
Ne7 15. Bf4 h5 16. Qh3 Rh7 17. Nd2 Nf5 18. Re1 Ke7 19. Nf3 Qg4 20. Bg5+ Kd7
21. Qxg4 hxg4 22. Nh4 Nxh4 23. gxh4 Rah8 24. Kg2 Ke6 25. Kg3 Kf5 26. f3 gxf3
27. Kxf3 f6 28. Bf4 Rxh4 29. Bg3 Rh3 30. e6 Re8 31. e7 g5 32. Kg2 g4 33. Bc7
Kg6 34. Bb8 Kf7 35. Bd6 f5 36. c4 Rxd3 37. cxd5 Rd2+ 38. Kg1 c5 39. Ba4 Rxb2
40. Bxe8+ Kxe8 41. Ra1 d3 42. Kf1 c4 43. Be5 Re2 44. Bd6 Rc2 45. Ke1 Re2+
46. Kd1 c3 47. a3 c2+ 48. Kc1 Re1+ 49. Kd2 Rxa1 50. Kxd3 c1=Q 51. Ke2 Ra2+
52. Kd3 Qd2+ 53. Kc4 Rc2+ 54. Kb5 Qxd5+ 55. Ka6 Qxd6 56. a4 Qxe7 57. h3 gxh3
58. Kb5 Qc5+ 59. Ka6 Qa5+ 60. Kb7 Qe5 61. Ka6 Ra2 62. Kb7 Rxa4 63. Kc6 Rc4+
64. Kb7 Qc7+ 65. Ka6 Ra4+ 66. Kb5 Qc4# {White checkmated} 0-1

[Event "ICC tourney 2064 (45 10)"]
[Site "Internet Chess Club"]
[Date "2020.10.17"]
[Round "3"]
[White "funderdifflin"]
[Black "Srinidhi6"]
[Result "1-0"]
[ICCResult "Black checkmated"]
[WhiteElo "758"]
[BlackElo "984"]
[Opening "Queen's bishop game"]
[ECO "D00"]
[NIC "QP.08"]
[Time "16:02:31"]
[TimeControl "2700+10"]

1. d4 d5 2. Bf4 Nf6 3. Nf3 Nc6 4. e3 Bg4 5. Be2 e6 6. O-O Be7 7. Nbd2 O-O 8.
h3 Bh5 9. a3 a6 10. Rc1 Re8 11. c4 Qd7 12. cxd5 exd5 13. Ne5 Bxe2 14. Qxe2
Nxe5 15. dxe5 Ne4 16. Nxe4 dxe4 17. Qc4 Bd8 18. Qxe4 c6 19. Bg3 Bc7 20. Qb4
Bxe5 21. Bxe5 Rxe5 22. Rfd1 Qe7 23. Qxe7 Rxe7 24. Rd6 h6 25. Rcd1 Rb8 26.
R1d3 Kf8 27. Rb3 Ke8 28. Rxc6 Rd8 29. Rcb6 Rdd7 30. Kf1 Kd8 31. Ke2 Kc8 32.
R6b4 Kb8 33. Rb6 Ka7 34. R6b4 Re6 35. Rc3 Rg6 36. g3 Rgd6 37. Rc2 Rd1 38.
Rbc4 Kb6 39. Rb4+ Ka7 40. Rbc4 Kb6 41. a4 Rh1 42. h4 Rhd1 43. Rc5 R1d2+ 44.
Rxd2 Rxd2+ 45. Kxd2 Kxc5 46. Kc3 a5 47. b3 b6 48. g4 g6 49. f4 Kd5 50. Kd3
f6 51. e4+ Kc5 52. Kc3 b5 53. axb5 Kxb5 54. f5 g5 55. hxg5 hxg5 56. e5 Kc5
57. exf6 Kd6 58. f7 Ke7 59. f8=Q+ Kxf8 60. Kc4 Kf7 61. Kb5 Kf6 62. Kxa5 Ke5
63. b4 Kf4 64. b5 Kxg4 65. b6 Kh3 66. b7 g4 67. b8=Q g3 68. Qxg3+ Kxg3 69.
f6 Kf4 70. f7 Ke5 71. f8=Q Ke6 72. Qf4 Kd5 73. Qb4 Kc6 74. Qb5+ Kd6 75. Qc4
Ke5 76. Qd3 Kf4 77. Qe2 Kg3 78. Qf1 Kh2 79. Qf3 Kg1 80. Qe2 Kh1 81. Kb5 Kg1
82. Kc5 Kh1 83. Kd4 Kg1 84. Ke3 Kh1 85. Kf3 Kg1 86. Qg2# {Black checkmated}
1-0

[Event "ICC tourney 2064 (45 10)"]
[Site "Internet Chess Club"]
[Date "2020.10.17"]
[Round "3"]
[White "Sreshthaj"]
[Black "thanhcaptures"]
[Result "0-1"]
[ICCResult "White checkmated"]
[WhiteElo "991"]
[BlackElo "1240"]
[Opening "Ruy Lopez: Anderssen variation"]
[ECO "C77"]
[NIC "RL.12"]
[Time "16:03:21"]
[TimeControl "2700+10"]

1. e4 e5 2. Nf3 Nc6 3. Bb5 a6 4. Ba4 Nf6 5. d3 b5 6. Bb3 Be7 7. O-O O-O 8.
c3 d5 9. exd5 Nxd5 10. Re1 Bg4 11. Nbd2 a5 12. a3 a4 13. Ba2 Nf4 14. h3 Bf5
15. d4 exd4 16. cxd4 Nd3 17. Re3 Nxc1 18. Qxc1 Na5 19. d5 Bd6 20. Nd4 Bg6
21. Nxb5 Bf4 22. Rc3 Qg5 23. Nxc7 Bxd2 24. Qd1 Bxc3 25. bxc3 Rac8 26. Nb5
Qh5 27. Qxa4 Nb7 28. d6 Qf5 29. Bb1 Qd7 30. Bxg6 fxg6 31. Qb3+ Kh8 32. Re1
Qf5 33. Re7 Qxf2+ 34. Kh1 Nc5 35. Qb4 g5 36. d7 Rcd8 37. Nd6 Rxd7 38. Rxd7
Nxd7 39. Ne4 Qe1+ 40. Kh2 h6 41. Nc5 Qe5+ 42. Kh1 Qxc5 43. Qxc5 Nxc5 44. c4
Nd7 45. a4 Ne5 46. c5 g4 47. hxg4 Nxg4 48. c6 Rf1# {White checkmated} 0-1

[Event "ICC tourney 2064 (45 10)"]
[Site "Internet Chess Club"]
[Date "2020.10.17"]
[Round "3"]
[White "aiden004"]
[Black "sassymareese"]
[Result "1-0"]
[ICCResult "Black forfeits on time"]
[WhiteElo "1181"]
[BlackElo "1330"]
[Opening "Ruy Lopez: Classical defense deferred"]
[ECO "C70"]
[NIC "RL.09"]
[Time "16:02:54"]
[TimeControl "2700+10"]

1. e4 e5 2. Nf3 Nc6 3. Bb5 a6 4. Ba4 Bc5 5. O-O d6 6. Nc3 Nf6 7. d3 O-O 8.
Bg5 h6 9. Bh4 b5 10. Bb3 Na5 11. Nd5 Nxb3 12. axb3 g5 13. Nxg5 Nxd5 14. Qh5
hxg5 15. Bxg5 Qe8 16. Bh6 f6 17. Qf3 Qg6 18. Bxf8 Nf4 19. Be7 Bg4 20. Qg3
Ne2+ 21. Kh1 Nxg3+ 22. fxg3 Qf7 23. Bxf6 Qg6 24. Bh4 Rf8 25. Rfe1 Ra8 26.
Rf1 Bb6 27. h3 Bd7 28. Rf6 Qg7 29. Raf1 a5 30. g4 b4 31. g5 Bd4 32. g6 Bxb2
33. Rf7 Qxg6 34. Rxd7 Rc8 35. Bf6 Rf8 36. Rd8 Rxd8 37. Bxd8 Qg7 38. Rf5 Qd7
39. Bf6 {Black forfeits on time} 1-0

[Event "ICC tourney 2064 (45 10)"]
[Site "Internet Chess Club"]
[Date "2020.10.17"]
[Round "3"]
[White "sushanth777"]
[Black "Diyor"]
[Result "0-1"]
[ICCResult "White checkmated"]
[WhiteElo "817"]
[BlackElo "1180"]
[Opening "Sicilian"]
[ECO "B50"]
[NIC "SI.01"]
[Time "16:02:38"]
[TimeControl "2700+10"]

1. e4 c5 2. Nf3 d6 3. Nc3 g6 4. Bb5+ Bd7 5. Bxd7+ Nxd7 6. d3 Bg7 7. Bd2 Ngf6
8. O-O O-O 9. Be3 Re8 10. Re1 Qc7 11. Qd2 Bh8 12. Rad1 Qc6 13. Qc1 d5 14.
exd5 Nxd5 15. Nxd5 Qxd5 16. a3 Qa2 17. c3 Qd5 18. d4 cxd4 19. Bxd4 Qb5 20.
Qh6 f6 21. Qc1 Nc5 22. Bxc5 Qxc5 23. Qd2 Red8 24. Qc2 Rxd1 25. Rxd1 Qc7 26.
Qb3+ Kf8 27. Nd4 Qc8 28. Ne6+ Ke8 29. Nc7+ Kf8 30. Rd8+ Qxd8 31. Ne6+ Ke8
32. Nxd8 Rxd8 33. g3 b6 34. c4 f5 35. Qb5+ Kf8 36. b4 Rd1+ 37. Kg2 Rd2 38.
Qa6 Bd4 39. Qxa7 Rxf2+ 40. Kh3 g5 41. Qa8+ Kg7 42. Qc6 g4+ 43. Kh4 Bf6+ 44.
Qxf6+ Kxf6 45. h3 Rh2 46. Kh5 Rxh3# {White checkmated} 0-1

[Event "ICC tourney 2064 (45 10)"]
[Site "Internet Chess Club"]
[Date "2020.10.17"]
[Round "3"]
[White "aryasaravanan"]
[Black "ansish"]
[Result "0-1"]
[ICCResult "White checkmated"]
[WhiteElo "1199"]
[BlackElo "1280"]
[Opening "Pirc defense"]
[ECO "B07"]
[NIC "PU.04"]
[Time "16:02:29"]
[TimeControl "2700+10"]

1. e4 d6 2. d4 Nf6 3. Nc3 g6 4. f3 Bg7 5. Be3 O-O 6. Qd2 Nbd7 7. O-O-O c6 8.
Nge2 b5 9. g4 Qa5 10. a3 Nb6 11. Na2 Qxd2+ 12. Bxd2 Be6 13. Nb4 Rac8 14. h4
h5 15. g5 Nh7 16. Be3 Nc4 17. Bf2 c5 18. Nd3 cxd4 19. Bxd4 a6 20. Bxg7 Kxg7
21. Ndf4 Bd7 22. Nc3 Nxa3 23. Nfd5 Nc4 24. Nxe7 Rce8 25. Bxc4 Rxe7 26. Bb3
Be6 27. Rxd6 Bxb3 28. cxb3 Rc8 29. Kb1 Re6 30. Rxe6 fxe6 31. Rd1 Rc6 32. Na2
Nf8 33. Rc1 Rd6 34. Nb4 a5 35. Nc6 Nd7 36. Nxa5 Ne5 37. Rc3 Rd7 38. Kc2 Rf7
39. Nc6 Nxf3 40. Nd8 Nd4+ 41. Kd3 Rd7 42. Nb7 Nf5+ 43. Kc2 Nxh4 44. Nc5 Rd6
45. Rd3 Rxd3 46. Kxd3 e5 47. Ke2 Ng2 48. Nd7 Nf4+ 49. Ke3 Nh3 50. Nxe5 Nxg5
51. Nc6 h4 52. Kf4 Ne6+ 53. Kg4 g5 54. Ne5 Kf6 55. Nf3 b4 56. e5+ Kg6 57.
Nh2 Nd4 58. Nf1 Nxb3 59. e6 Kf6 60. e7 Kxe7 61. Kxg5 h3 62. Kg4 Nd2 63. Nh2
Nc4 64. Kxh3 Nxb2 65. Nf3 Kd6 66. Nd2 Kc5 67. Kg3 Kd4 68. Kf2 Kd3 69. Nb3
Kc3 70. Nc5 Nd3+ 71. Nxd3 Kxd3 72. Ke1 Kc2 73. Ke2 b3 74. Ke3 b2 75. Kf3
b1=Q 76. Kg3 Qd1 77. Kh4 Qg1 78. Kh3 Qg5 79. Kh2 Qg4 80. Kh1 Kd2 81. Kh2 Ke2
82. Kh1 Kf2 83. Kh2 Qg2# {White checkmated} 0-1

[Event "ICC tourney 2064 (45 10)"]
[Site "Internet Chess Club"]
[Date "2020.10.17"]
[Round "3"]
[White "pkcl"]
[Black "bsarvagnya"]
[Result "1-0"]
[ICCResult "Black resigns"]
[WhiteElo "1295"]
[BlackElo "1114"]
[Opening "Giuoco Piano"]
[ECO "C50"]
[NIC "IG.02"]
[Time "16:02:43"]
[TimeControl "2700+10"]

1. e4 e5 2. Nf3 Nc6 3. Bc4 Bc5 4. O-O Nf6 5. Nc3 d6 6. h3 Be6 7. Bb3 Qd7 8.
Kh2 O-O 9. d3 h6 10. Be3 Nd4 11. Bxd4 exd4 12. Ne2 Bxb3 13. axb3 Qe7 14. Kg1
Rfe8 15. Ra2 d5 16. Nexd4 Bxd4 17. Nxd4 dxe4 18. Re1 Qd7 19. Ne2 exd3 20.
cxd3 Nd5 21. Qd2 a6 22. Raa1 Rad8 23. d4 Nf6 24. Qc2 c6 25. Rad1 Qd5 26. Rf1
Qe6 27. Ng3 Ne4 28. Rfe1 f5 29. f3 Qg6 30. Nxe4 fxe4 31. Rxe4 Kh7 32. Qe2
Qf7 33. Qd3 Kh8 34. Rde1 Qd7 35. Rxe8+ Rxe8 36. Rxe8+ Qxe8 37. Qe4 Qd8 38.
Kf2 Qb6 39. Qe3 Qd8 40. g3 Qd7 41. Kg2 Qd6 42. Qe8+ Kh7 43. Qe4+ Kh8 44. f4
Qb4 45. Qe3 Qb5 46. Kf2 Qf5 47. g4 Qc2+ 48. Kg3 Qxb2 49. Qe8+ Kh7 50. Qe4+
Kg8 51. Qe6+ Kh7 52. Qf5+ Kh8 53. Qc8+ Kh7 54. Qf5+ Kh8 55. Qc8+ Kh7 56.
Qf5+ Kg8 57. Qd3 Qa1 58. Qe3 Qa3 59. Qe6+ Kh7 60. Qf5+ Kg8 61. Qc8+ Kh7 62.
Qxb7 Qa1 63. Qxc6 Qe1+ 64. Kg2 Qe2+ 65. Kg1 Qe1+ 66. Kh2 Qf2+ 67. Qg2 Qxf4+
68. Kh1 Qc1+ 69. Qg1 Qc6+ 70. Qg2 Qc1+ 71. Kh2 Qf4+ 72. Qg3 Qd2+ 73. Kh1
Qxd4 74. Qf3 Qa1+ 75. Kg2 Qb2+ 76. Kg3 Qe5+ 77. Kf2 Qh2+ 78. Ke3 Qg1+ 79.
Qf2 Qc1+ 80. Ke4 Qc6+ 81. Kd3 Qb5+ 82. Kc2 Qc6+ 83. Kb2 Qf6+ 84. Qxf6 gxf6
85. Kc3 Kg6 86. Kb4 f5 87. gxf5+ Kxf5 88. Ka5 Kf4 89. Kxa6 Kg3 90. b4 Kxh3
91. b5 Kg2 92. b6 h5 93. b7 h4 94. b8=Q h3 95. Qb2+ Kh1 96. Qc1+ Kg2 97.
Qd2+ Kg1 98. Qe3+ Kg2 99. Qe2+ Kg1 100. Qg4+ Kh2 101. Kb5 Kh1 102. Qf3+ Kh2
103. Kc4 Kg1 104. Qxh3 Kf2 105. Qf5+ Ke3 106. Kd5 Kd2 107. Qf3 Ke1 108. Qg2
Kd1 109. Qf2 Kc1 110. Qe2 Kb1 111. Qd2 Ka1 112. Kc4 {Black resigns} 1-0

[Event "ICC tourney 2064 (45 10)"]
[Site "Internet Chess Club"]
[Date "2020.10.17"]
[Round "4"]
[White "Srinidhi6"]
[Black "sushanth777"]
[Result "1-0"]
[ICCResult "Black checkmated"]
[WhiteElo "1148"]
[BlackElo "815"]
[Opening "Ruy Lopez: Caro variation"]
[ECO "C70"]
[NIC "RL.09"]
[Time "18:35:32"]
[TimeControl "2700+10"]

1. e4 e5 2. Nf3 Nc6 3. Bb5 a6 4. Ba4 b5 5. Bb3 Nf6 6. Ng5 d5 7. exd5 Nxd5 8.
Nxf7 Kxf7 9. Qf3+ Ke6 10. Nc3 Ne7 11. d3 Bb7 12. Qg4+ Kd6 13. Nxd5 Bxd5 14.
c4 bxc4 15. dxc4 Bb7 16. c5+ Kxc5 17. Qc4+ Kd6 18. Qe6+ Kc5 19. Be3+ Kb4 20.
Qc4+ Ka5 21. Qa4# {Black checkmated} 1-0

[Event "ICC tourney 2064 (45 10)"]
[Site "Internet Chess Club"]
[Date "2020.10.17"]
[Round "4"]
[White "oxdidi"]
[Black "ChessPanda000"]
[Result "1-0"]
[ICCResult "Black checkmated"]
[WhiteElo "1086"]
[BlackElo "211"]
[Opening "Giuoco Piano"]
[ECO "C54"]
[NIC "IG.02"]
[Time "18:35:35"]
[TimeControl "2700+10"]

1. e4 e5 2. Nf3 Nc6 3. Bc4 Bc5 4. c3 Nf6 5. d3 O-O 6. Nbd2 d6 7. h3 Bd7 8.
O-O Re8 9. Re1 Qe7 10. Nf1 Nh5 11. Bg5 Nf6 12. Ng3 a6 13. Nh4 b5 14. Bb3 h6
15. Bd2 Ra7 16. Ngf5 Bxf5 17. Nxf5 Qd7 18. Qf3 Kh7 19. Qg3 g6 20. Nxh6 Rb8
21. Bxf7 Qe7 22. Bxg6+ Kh8 23. Nf5 Qd7 24. Qh4+ Kg8 25. Qxf6 Rf8 26. Nh6#
{Black checkmated}
1-0

[Event "ICC tourney 2064 (45 10)"]
[Site "Internet Chess Club"]
[Date "2020.10.17"]
[Round "4"]
[White "bsarvagnya"]
[Black "aryasaravanan"]
[Result "1-0"]
[ICCResult "Black checkmated"]
[WhiteElo "1126"]
[BlackElo "1178"]
[Opening "Sicilian: Sozin, not Scheveningen"]
[ECO "B57"]
[NIC "SI.25"]
[Time "18:35:43"]
[TimeControl "2700+10"]

1. e4 c5 2. Nf3 Nc6 3. d4 cxd4 4. Nxd4 d6 5. Nc3 Nf6 6. Bc4 Nxe4 7. Bxf7+
Kxf7 8. Nxe4 Qa5+ 9. Nc3 Qe5+ 10. Be3 Nxd4 11. Qxd4 Qxd4 12. Bxd4 Bf5 13.
O-O-O a6 14. Rhe1 Rc8 15. Re3 Ke8 16. Ne4 d5 17. Nd6+ Kd7 18. Nxc8 Kxc8 19.
Re5 Bg6 20. Rxd5 e6 21. Rd8+ Kxd8 22. Bxg7+ Ke7 23. Bxh8 Bh6+ 24. Kb1 Bf4
25. g3 Bd6 26. Bf6+ Kxf6 27. Rxd6 Ke5 28. Rd7 Ke4 29. Rxb7 e5 30. Ra7 Kf3
31. Rxa6 Kxf2 32. Re6 e4 33. Kc1 e3 34. Rf6+ Ke2 35. a4 Be4 36. Re6 Bf3 37.
b4 Kf2 38. c4 e2 39. Rxe2+ Bxe2 40. c5 Bf3 41. a5 Ke3 42. Kb2 Bc6 43. Kc3
Bb5 44. h4 h5 45. c6 Bxc6 46. Kc4 Kf3 47. b5 Ba8 48. a6 Kxg3 49. b6 Bf3 50.
b7 Be2+ 51. Kd4 Bxa6 52. b8=Q+ Kxh4 53. Qh2+ Kg4 54. Qg2+ Kh4 55. Ke5 Bc8
56. Kf4 Bg4 57. Qg3# {Black checkmated} 1-0